Map: Miner Evacuation

Players

Yuriprime

  • Race: Zerg Zerg
  • Spawn Location: 7:00

ViS

  • Race: Zerg Zerg

VOD

Have the link to the VOD?

Description

Time

  • Played on: March 10, 2018, 3:37 a.m.
  • Length: 10:13
Show
View Real Time Build Order
Export as new Build Order

Yuriprime Zerg 

Build Orders:  

Get SALT Encoding   

  12  0:03  Drone  
  13  0:18  Overlord  
  13  0:26  Drone  
  14  0:46  Drone  
  14  0:47  Drone x2  
  17  0:55  Drone  
  18  1:07  Roach Warren  
  17  1:12  Drone  
  18  1:36  Roach x2  
  22  1:43  Extractor  
  22  1:45  Roach, Extractor  
  22  1:54  Overlord  
  22  2:21  Drone  
  22  2:22  Drone x3  
  22  2:25  Roach  
  26  2:40  Lair  
  26  2:47  Brutalisk  
  26  3:20  Overlord  
  26  3:22  Drone x2  
  28  3:31  Roach  
  28  3:40  Roach  
  28  3:53  Brutalisk  
  28  4:01  Overlord, Drone x2, Spire  
  28  4:02  Drone x2  
  31  4:22  Roach  
  31  4:35  Mutalisk x2  
  31  4:36  Overlord  
  35  4:44  Brutalisk  
  35  4:49  Mutalisk  
  37  5:12  Pneumatized Carapace  
  37  5:13  Overlord  
  37  5:14  Overlord x2  
  37  5:53  Mutalisk  
  37  6:20  Mutalisk x2  
  37  6:21  Leviathan  
  41  6:37  Mutalisk  
  41  6:38  Mutalisk  
  43  6:48  Mutalisk  
  43  7:06  Leviathan  
  43  7:16  Leviathan  
  43  7:23  Overseer  
  43  7:24  Overseer x2  
  43  7:27  Overseer  
  43  8:07  Mutalisk  
  45  8:10  Overlord  
  45  8:11  Overlord x5  
  45  8:12  Overlord x2  
  45  8:24  Mutalisk  
  47  9:15  Mutalisk x2  
  47  9:16  Overlord  
  47  9:17  Overlord x3  
Show
View Real Time Build Order
Export as new Build Order

ViS Zerg 

Build Orders:  

Get SALT Encoding   

  18  0:03  Primal Drone  
  19  0:11  Primal Drone  
  20  0:22  Extractor  
  20  0:32  Primal Drone x2  
  20  0:39  Primal Drone  
  23  1:02  Primal Warden  
  23  1:06  Primal Drone  
  25  1:16  Extractor  
  25  1:42  Primal Drone x3  
  28  2:12  Primal Drone x2  
  28  2:17  Glevig's Den  
  28  2:18  Primal Attacks Level 1  
  29  2:32  Primal Drone  
  30  2:47  Primal Drone  
  31  3:41  Primal Drone x3  
  34  3:55  Primal Drone  
  35  4:14  Murvar's Den  
  35  4:15  Primal Drone  
  35  4:17  Primal Roach  
  35  4:18  Primal Roach x3  
  43  4:27  Primal Drone  
  44  4:41  Primal Drone  
  45  4:50  Primal Roach  
  45  4:51  Primal Roach  
  45  4:52  Primal Drone  
  52  5:12  Primal Wurm x2  
  52  6:04  Primal Drone x4  
  56  6:19  Primal Drone  
  57  7:20  Primal Guardian x2  
  57  7:21  Primal Guardian  
  57  7:24  Dakrun's Den  
  36  7:48  Primal Roach  
  36  7:49  Primal Roach x3  
  43  7:50  Primal Roach  
  36  9:09  Primal Guardian x2  
Tags
 
Add a new tag
Caveats
  • Supply blocks, unpowered buildings, or Contaminate may cause inaccurate times.
  • Supply counts are checked every 10 seconds.